 Dungeon Crawl Stone Soup version 0.27-a0-984-g00e00afbbc (webtiles) character file.

Game seed: 17588232791986734831

602 Morbidden the Magician (level 7, -2/49 HPs)
             Began as a Djinni Necromancer on Apr 15, 2021.
             Slain by a bullfrog zombie (5 damage)
             ... on level 5 of the Dungeon.
             The game lasted 00:07:01 (7401 turns).

Morbidden the Magician (Djinni Necromancer)         Turns: 7401, Time: 00:07:01

Health: -2/49      AC:  2    Str:  9    XL:     7   Next: 41%
Gold:   172        EV: 13    Int: 17    God:
                   SH:  0    Dex: 13

rFire    + + +     SeeInvis .   a - +3 dagger (venom)
rCold    . . .     Faith    .   (no shield)
rNeg     . . .     Spirit   .   m - +0 robe
rPois    ∞         Reflect  .   (no helmet)
rElec    .         Harm     .   e - scarf {rC+ rF+}
rCorr    .         Rampage  .   (no gloves)
Will     .....                  (boots unavailable)
Stlth    ++........             (no amulet)
HPRegen  0.16/turn              (no ring)
MPRegen  0.00/turn              (no ring)

@: flying
A: fire resistance 2, cold vulnerability 1, float, innate caster, hp casting,
extra vitality 1
a: no special abilities


You were on level 5 of the Dungeon.
You visited 1 branch of the dungeon, and saw 5 of its levels.

You collected 172 gold pieces.

Inventory:

Hand Weapons
 a - a +3 dagger of venom (weapon)
Armour
 e - a scarf of resistance (worn)
 f - a +0 plate armour
 m - a +0 robe (worn)
Scrolls
 b - 2 scrolls of teleportation
 g - a scroll of immolation
Potions
 d - a potion of heal wounds {unknown}


   Skills:
 * Level 2.4 Fighting
 + Level 1.0 Short Blades
 * Level 3.1 Dodging
 + Level 2.1 Stealth
 * Level 6.6 Spellcasting


You couldn't memorise any spells.
You knew the following spells:

 Your Spells              Type           Power      Damage    Failure   Level
a - Pain                  Necr           100%       1d9       1%          1
b - Vampiric Draining     Necr           14%        2d8       2%          3
c - Searing Ray           Conj           56%        3d5       1%          2
d - Animate Dead          Necr           14%        N/A       8%          4
e - Agony                 Necr           28%        N/A       22%         5
f - Summon Small Mammal   Summ           100%       N/A       1%          1
g - Animate Skeleton      Necr           56%        N/A       1%          1
h - Spider Form           Tmut/Pois      14%        N/A       2%          3
Your spell library was empty.

Dungeon Overview and Level Annotations

Branches:
Dungeon (5/15)
 Temple: D:4-7

Altars:


Innate Abilities, Weirdness & Mutations

You are immune to poison.
Your flesh is very heat resistant. (rF++)
You are vulnerable to cold. (rC-)
You float through the air rather than walking.
You learn spells naturally, not from books.
Your magical power is your life essence.
You have superior vitality. (+4 HP)


Message History

A bullfrog zombie is nearby!
A bullfrog zombie is nearby!
You are too injured to fight recklessly!
You are too injured to fight recklessly!
You are too injured to fight recklessly!
The bullfrog zombie barely misses you.
You hit the bullfrog zombie.
The bullfrog zombie is lightly damaged.
The bullfrog zombie barely misses you.
You closely miss the bullfrog zombie.
The bullfrog zombie is lightly damaged.
The bullfrog zombie hits you.
You completely miss the bullfrog zombie.
The bullfrog zombie is lightly damaged.
The bullfrog zombie hits you.
Unknown command.
Casting: Searing Ray (safe; 1% risk of failure)
Confirm with . or Enter, or press ? or * to list all spells.
Aiming: Searing Ray (safe; 1% risk of failure)
Press: ? - help, Shift-Dir - straight line, f - bullfrog zombie
Aim: a bullfrog zombie (lightly damaged, 13% to evade)
The searing ray misses the bullfrog zombie. (Press . to maintain the ray.)
The bullfrog zombie hits you.
* * * LOW HITPOINT WARNING * * *
The bullfrog zombie hits you!
* * * LOW HITPOINT WARNING * * *
The searing ray hits the bullfrog zombie!
The bullfrog zombie is moderately damaged.
* * * LOW HITPOINT WARNING * * *
The bullfrog zombie closely misses you.
The searing ray hits the bullfrog zombie!
The bullfrog zombie is severely damaged.
* * * LOW HITPOINT WARNING * * *
The bullfrog zombie closely misses you.
The searing ray hits the bullfrog zombie.
The bullfrog zombie is almost destroyed.
* * * LOW HITPOINT WARNING * * *
You finish channeling your searing ray.
The bullfrog zombie hits you.
You die...

.# ##..########.#.#
.. #.#............#
##.####..########.#.#
..................#.#
##.####.#.#########.#
#.####.#.# #..
#......#.# ###
######..#####.#
..........# #@#
##.######(# #Z# #.#
#.# #.# ##
#.#####.###.#
#.###..........#
#.#.#####.##### #
#.## #.#
##.##.######.#
.............#


You could see a bullfrog zombie.

Vanquished Creatures
  2 phantoms
  A water moccasin zombie (D:5)
  A scorpion (D:4)
  2 hounds
  A bullfrog skeleton (D:4)
  3 hound skeletons (D:4)
  7 gnolls
  4 adders
  2 ufetubi
  An adder skeleton (D:4)
  3 dart slugs
  4 orcs
  An endoplasm (D:4)
  5 giant cockroaches
  5 goblins
  6 hobgoblins
  14 jackals
  8 quokkas
  9 ball pythons
  6 bats
  2 frilled lizards
  3 kobolds
  5 rats
95 creatures vanquished.

Notes
Turn   | Place    | Note
-------+----------+-------------------------------------------
     0 | D:1      | Morbidden the Djinni Necromancer began the quest for the
                  | Orb.
     0 | D:1      | Reached XP level 1. HP: 15/15 MP: 0/0
   329 | D:1      | Reached skill level 4 in Spellcasting
   329 | D:1      | Reached XP level 2. HP: 6/21 MP: 0/0
  1051 | D:1      | Reached XP level 3. HP: 18/25 MP: 0/0
  1051 | D:1      | Learned a level 1 spell: Summon Small Mammal
  2893 | D:2      | Reached skill level 1 in Fighting
  2893 | D:2      | Reached XP level 4. HP: 30/32 MP: 0/0
  3289 | D:2      | Noticed a phantom
  4781 | D:3      | Reached skill level 5 in Spellcasting
  4783 | D:3      | Reached XP level 5. HP: 26/37 MP: 0/0
  4783 | D:3      | Learned a level 2 spell: Searing Ray
  5440 | D:4      | Reached XP level 6. HP: 17/43 MP: 0/0
  6068 | D:4      | Reached skill level 6 in Spellcasting
  6941 | D:5      | Entered Level 5 of the Dungeon
  7001 | D:5      | Reached XP level 7. HP: 33/49 MP: 0/0
  7001 | D:5      | Learned a level 3 spell: Spider Form
  7317 | D:5      | Reached skill level 1 in Short Blades
  7401 | D:5      | Slain by a bullfrog zombie

Illustrated notes

Levels and vault maps discovered:
D:1:      wander_arrival_estate, layout_basic, minmay_misc_feat_roman,
          minmay_pentomino_r2
D:2:      layout_loops_corners
D:3:      layout_loops_corners
D:4:      layout_basic, uniq_ijyb
D:5:      layout_loops_ring

Skill      XL: |  1  2  3  4  5  6  7 |
---------------+----------------------+-----
Spellcasting   | 4 5 6 |  6.6
Fighting       | 1 2 |  2.4
Stealth        | 2 |  2.1
Short Blades   | 1 |  1.0
Dodging        | 3 |  3.1

Action                   |  1- 3 |  4- 6 |  7- 9 || total
-------------------------+-------+-------+-------++-------
Melee: Dagger            |       |    62 |    13 ||    75
       Unarmed           |       |       |    10 ||    10
 Cast: Pain              |    71 |    50 |       ||   121
       Vampiric Draining |     1 |    15 |       ||    16
       Searing Ray       |       |     9 |     5 ||    14
       Spider Form       |       |       |     1 ||     1
  Use: Scroll            |       |    10 |       ||    10
       Potion            |       |       |     1 ||     1
 Stab: Sleeping          |       |     3 |     2 ||     5
Armor: Robe              |     2 |    13 |       ||    15
       Skin              |       |       |     1 ||     1
Dodge: Dodged            |     7 |    65 |    23 ||    95

Table legend: (Time is in decaauts)
 A = Elapsed time spent in this place.
 B = Non-inter-level travel time spent in this place.
 C = Inter-level travel time spent in this place.
 D = Time resting spent in this place.
 E = Time spent auto-exploring this place.
 F = Levels seen in this place.
 G = Mean time per level.
                   A        B        C        D        E       F      G
               +--------+--------+--------+--------+--------+-----+--------+
         Total |   7401 |   7242 |    159 |   1122 |   5505 |   5 | 1480.2 |
       Dungeon |   7401 |   7242 |    159 |   1122 |   5505 |   5 | 1480.2 |
               +--------+--------+--------+--------+--------+-----+--------+

Top non-repeatable levels by time:
     D:1: 2295 daAuts
     D:3: 1783 daAuts
     D:2: 1782 daAuts
     D:4: 1081 daAuts
     D:5: 459 daAuts
